 Dungeon Sprint DCSS version 0.30-a0-728-gc68057be0a (webtiles) character file.

Game seed: 5435065667204154075

485 rocky1 the Basher (level 7, -5/83 HPs)
             Began as an Ogre Gladiator on Jan 31, 2023.
             Was an Initiate of Gozag.
             Slain by an ice devil (19 damage)
             ... in the Dungeon (Sprint VII: "The Pits").
             The game lasted 00:02:00 (620 turns).

rocky1 the Basher (Ogre Gladiator)                   Turns: 620, Time: 00:02:01

Health: -5/83      AC:  3    Str: 19      XL:     7   Next: 13%
Magic:  7/7        EV:  9    Int: 11      God:    Gozag
Gold:   1269       SH:  0    Dex:  5 (10) Spells: 6/6 levels left

rFire   . . .      SeeInvis .    q - +0 giant club
rCold   . . .      Faith    .    (shield currently unavailable)
rNeg    . . .      Spirit   .    b - +0 robe
rPois   .          Reflect  .    c - +0 hat
rElec   .          Harm     .    (no cloak)
rCorr   .          Rampage  .    (gloves unavailable)
Will    .....      NoTele   +    (boots unavailable)
Stlth   +                        (no amulet)
HPRegen 0.33/turn                (no ring)
MPRegen 0.10/turn                (no ring)

@: no status effects
A: large, unfitting armour, tough skin 1
a: Renounce Religion, Potion Petition, Call Merchant, Bribe Branch


You were in the Dungeon.
You worshipped Gozag.
Gozag was most pleased with you.
You visited 1 branch You collected 1269 gold pieces.

Inventory:

Hand Weapons
 a - a +0 flail
 o - a +2 mace
 q - a +0 giant club (weapon)
Missiles
 d - 3 throwing nets (quivered)
 e - a large rock
 p - 3 boomerangs
Armour
 b - a +0 robe (worn)
 c - a +0 hat (worn)
Scrolls
 k - a scroll of blinking
 m - 5 scrolls of amnesia
 n - a scroll of butterflies
Potions
 f - 6 potions of curing
 g - 6 potions of heal wounds
 h - a potion of haste
 i - 4 potions of magic
 j - 2 potions of berserk rage
 l - 2 potions of invisibility


   Skills:
 - Level 9.1 Fighting
 * Level 12.3 Maces & Flails
 - Level 2.0 Throwing
 - Level 2.6 Dodging


You had 6 spell levels left.
You didn't know any spells.
Your spell library was empty.

Dungeon Overview and Level Annotations

Branches:
Dungeon (1/1)

Altars:
Ashenzari
Cheibriados
Dithmenos
Elyvilon
Fedhas
Gozag
Hepliaklqana
Kikubaaqudgha
Makhleb
Nemelex Xobeh
Okawaru
Qazlal
Ru
Sif Muna
Trog
Uskayaw
Vehumet
Wu Jian
Xom
Yredelemnul
Zin
The Shining One
Jiyva
Lugonu


Innate Abilities, Weirdness & Mutations

You are too large for most types of armour.
You have tough skin. (AC +1)


Message History

The quasit is moderately wounded.
The quasit barely misses you. The quasit claws you.
You feel clumsy.
The quasit claws you but does no damage.
You sock the quasit!
You kill the quasit!
You now have 1269 gold pieces (gained 45).
There is an open door here.
You start resting.
HP restored.
You open the door.
An ice devil comes into view.
You barely miss the ice devil. The ice devil hits you.
The ice devil freezes you!
You bludgeon the ice devil!!
The ice devil is severely wounded.
The ice devil hits you but does no damage.
You sock the ice devil!
The ice devil is almost dead.
The ice devil barely misses you.
You closely miss the ice devil.
The ice devil is almost dead.
The ice devil closely misses you.
You closely miss the ice devil.
The ice devil is almost dead.
The ice devil hits you. The ice devil freezes you!!
You barely miss the ice devil.
The ice devil is almost dead.
The ice devil hits you! The ice devil freezes you!
* * * LOW HITPOINT WARNING * * *
You barely miss the ice devil.
The ice devil is almost dead.
The ice devil closely misses you.
You hit the ice devil but do no damage.
The ice devil is almost dead.
The ice devil hits you!
* * * LOW HITPOINT WARNING * * *
The ice devil freezes you!!
You die...
Your body crumbles into a pile of gold.

#)#........##.......#
#)###########.......#
#.......# #########
#.......# #...#...#
#..###..#+#
#...#...#.+
#.......#4#
#.......'@#
###########


You could see an ice devil.

Vanquished Creatures
  A floating eye (D)
  An ice beast (D)
  An ogre (D)
  A necrophage (D)
  A quasit (D)
  A hound (D)
  An orc priest (D)
  An orc wizard (D)
  An adder (D)
  A river rat (D)
  5 orcs (D)
  An endoplasm (D)
  2 giant cockroaches (D)
  A goblin (D)
  A ball python skeleton (D)
20 creatures vanquished.

Notes
Turn   | Place    | Note
-------+----------+-------------------------------------------
     0 | D        | rocky1 the Ogre Gladiator began the quest for the Orb.
     0 | D        | Reached XP level 1. HP: 22/22 MP: 1/1
    21 | D        | Reached skill level 4 in Maces & Flails
    21 | D        | Reached XP level 2. HP: 12/32 MP: 2/2
   117 | D        | Found a bloodstained altar of Trog.
   117 | D        | Found a shimmering blue altar of Sif Muna.
   117 | D        | Found a viscous altar of Jiyva.
   117 | D        | Found a hazy altar of Hepliaklqana.
   117 | D        | Found an opulent altar of Gozag.
   118 | D        | Found a glowing golden altar of the Shining One.
   118 | D        | Found a glowing silver altar of Zin.
   118 | D        | Found a basalt altar of Yredelemnul.
   118 | D        | Found a shimmering altar of Xom.
   118 | D        | Found an ornate altar of the Wu Jian Council.
   118 | D        | Found a sacrificial altar of Ru.
   118 | D        | Found a stormy altar of Qazlal.
   118 | D        | Found an iron altar of Okawaru.
   118 | D        | Found a sparkling altar of Nemelex Xobeh.
   118 | D        | Found a burning altar of Makhleb.
   118 | D        | Found a blossoming altar of Fedhas.
   118 | D        | Found a white marble altar of Elyvilon.
   118 | D        | Found a shadowy altar of Dithmenos.
   118 | D        | Found a snail-covered altar of Cheibriados.
   121 | D        | Found a corrupted altar of Lugonu.
   121 | D        | Found a radiant altar of Vehumet.
   122 | D        | Found an ancient bone altar of Kikubaaqudgha.
   122 | D        | Found a hide-covered altar of Uskayaw.
   122 | D        | Found a broken altar of Ashenzari.
   125 | D        | Became a worshipper of Gozag Ym Sagoz the Greedy
   175 | D        | Noticed a floating eye
   179 | D        | Killed a floating eye
   180 | D        | Reached skill level 7 in Maces & Flails
   180 | D        | Reached XP level 3. HP: 44/46 MP: 3/3
   180 | D        | Reached XP level 4. HP: 53/55 MP: 4/4
   302 | D        | Noticed an ogre
   311 | D        | Reached XP level 5. HP: 62/62 MP: 5/5
   315 | D        | Killed an ogre
   316 | D        | Reached skill level 9 in Maces & Flails
   422 | D        | Reached XP level 6. HP: 51/75 MP: 6/6
   432 | D        | Reached skill level 10 in Maces & Flails
   437 | D        | Reached skill level 11 in Maces & Flails
   453 | D        | Noticed an ice beast
   462 | D        | Killed an ice beast
   463 | D        | Reached skill level 12 in Maces & Flails
   463 | D        | Reached XP level 7. HP: 54/83 MP: 7/7
   612 | D        | Noticed an ice devil
   620 | D        | Slain by an ice devil

Illustrated notes

Levels and vault maps discovered:
D:        pitsprint [storerooms_1, entrance_room_1, metal_vault_5, armoury_1,
          mini_pit_1, grid_room_1, main_hall_1, silver_pit, the_coven_1,
          the_vestibule_1, steel_vault_5, golden_pit, hallway_of_sentries,
          crystal_vault_4, iron_vault_2, final_vault]

Skill      XL: |  1  2  3  4  5  6 |
---------------+-------------------+-----
Fighting       | 4 7 9 |  9.1
Maces & Flails | 4 7 9 12 | 12.3
Throwing       | |  2.0
Dodging        | |  2.6

Action                     |  1- 3 |  4- 6 |  7- 9 || total
---------------------------+-------+-------+-------++-------
  Melee: Flail             |     8 |       |       ||     8
         Mace              |     8 |    14 |       ||    22
         Giant club        |       |    32 |    24 ||    56
  Throw: Throwing net      |       |     2 |       ||     2
    Use: Potion            |       |     1 |       ||     1
   Stab: Distracted        |       |     1 |       ||     1
         Held in net/web   |       |     1 |       ||     1
 Armour: Robe              |     6 |     6 |    26 ||    38
  Dodge: Dodged            |     7 |    13 |    25 ||    45

Table legend: (Time is in decaauts)
 A = Elapsed time spent in this place.
 B = Non-inter-level travel time spent in this place.
 C = Inter-level travel time spent in this place.
 D = Time resting spent in this place.
 E = Time spent auto-exploring this place.
 F = Levels seen in this place.
 G = Mean time per level.
                   A        B        C        D        E       F      G
               +--------+--------+--------+--------+--------+-----+--------+
         Total |    635 |    615 |     20 |    359 |      0 |   1 |  635.0 |
       Dungeon |    635 |    615 |     20 |    359 |      0 |   1 |  635.0 |
               +--------+--------+--------+--------+--------+-----+--------+

Top non-repeatable levels by time:
       D: 635 daAuts
